 Dungeon Crawl Stone Soup version 0.26-a0-665-gefeb406119 (console) character file.

Game seed: 2770263541732768601

3720 om the Cleaver (level 9, -1/82 HPs)
             Began as a Minotaur Monk on Oct 15, 2020.
             Was an Initiate of Gozag.
             Slain by a komodo dragon (10 damage)
             ... on level 8 of the Dungeon.
             The game lasted 00:10:32 (9242 turns).

om the Cleaver (Minotaur Monk)                      Turns: 9242, Time: 00:10:32

Health: -1/82      AC: 15    Str: 20    XL:     9   Next: 92%
Magic:  8/8        EV:  9    Int:  7    God:    Gozag
Gold:   519        SH:  0    Dex: 12    Spells: 8/8 levels left

rFire    . . .     SeeInvis .   y - +1 war axe (vamp)
rCold    . . .     Faith    .   (no shield)
rNeg     . . .     Spirit   .   f - +0 plate armour
rPois    .         Reflect  .   (helmet restricted)
rElec    .         Harm     .   l - +0 cloak
rCorr    .         Rampage  .   s - +0 pair of gloves
MR       .....                  (no boots)
Stlth    ..........             (no amulet)
HPRegen  0.23/turn              t - ring of stealth
MPRegen  0.11/turn              (no ring)

@: no status effects
A: retaliatory headbutt, horns 2
a: Potion Petition, Call Merchant, Bribe Branch, Renounce Religion


You were on level 8 of the Dungeon.
You worshipped Gozag.
Gozag was pleased with you.
You visited 2 branches of the dungeon, and saw 9 of its levels.

You collected 519 gold pieces.

Inventory:

Hand Weapons
 y - a +1 vampiric war axe (weapon)
Armour
 f - a +0 plate armour (worn)
 l - a +0 cloak (worn)
 s - a +0 pair of gloves (worn)
Jewellery
 r - an uncursed ring of protection from cold
 t - a ring of stealth (left hand)
 x - an uncursed ring of magical power
Wands
 d - a wand of polymorph (3)
 v - a wand of flame (8)
 w - a wand of random effects (19)
Scrolls
 a - a scroll of identify
 c - 3 scrolls of remove curse
 e - 2 scrolls of fear
 g - 3 scrolls of magic mapping {unknown}
 h - a scroll of enchant weapon {unknown}
 m - a scroll of teleportation {unknown}
 o - a scroll of fog {unknown}
 q - 3 scrolls of amnesia
Potions
 b - a potion of ambrosia {unknown}
 i - 3 potions of resistance
 j - a potion of curing
 k - a potion of might
 n - a potion of stabbing {unknown}
 p - 3 potions of heal wounds
 u - a potion of haste {unknown}


   Skills:
 + Level 8.8 Fighting
 * Level 11.7 Axes
 - Level 7.0 Armour
 - Level 7.0 Dodging
 - Level 2.0 Stealth


You had 8 spell levels left.
You didn't know any spells.
Your spell library was empty.

Dungeon Overview and Level Annotations

Branches:
Dungeon (8/15)             Temple (1/1) D:4
   Lair: D:8-11

Altars:
Ashenzari
Cheibriados
Dithmenos
Elyvilon
Fedhas
Gozag
Hepliaklqana
Kikubaaqudgha
Makhleb
Nemelex Xobeh
Okawaru
Qazlal
Ru
Sif Muna
Trog
Uskayaw
Vehumet
Wu Jian
Xom
Yredelemnul
Zin
The Shining One

Shops:
D:6 :   D:7 }?:[

Annotations:
D:8 Prince Ribbit


Innate Abilities, Weirdness & Mutations

You reflexively headbutt those who attack you in melee.
You have a pair of horns on your head.


Message History

The swamp drake bites you.
The komodo dragon is engulfed in noxious fumes.
The komodo dragon bites you!!
* * * LOW HITPOINT WARNING * * *
You are too injured to fight recklessly!
You are too injured to fight recklessly!
You bump into the rock wall.
You feel less confused. The swamp drake bites you.
* * * LOW HITPOINT WARNING * * *
The komodo dragon bites you!
* * * LOW HITPOINT WARNING * * *
You are too injured to fight recklessly!
You are too injured to fight recklessly!
You barely miss the swamp drake.
You hit the komodo dragon but do no damage.
The swamp drake bites you but does no damage.
The komodo dragon bites you!
You die...
Your body crumbles into a pile of gold.

## ### . . ####.# ##. ...
#####..(#### #.### #....
.....###.(.###
#.#.###...... ###.##
####).#### ##.....k.....#
###
#..).)###.........#...
###...@l....###.#..#
#####k#.### .# ## ######
## #############.##..#
......(.......##..#
#####.###.######..#
####)## ##.## #..# .....#
#..# #..# ####.##
##..####..# #
##.###.........####<###.#
##...##.####............


You could see a komodo dragon (confused) and a swamp drake (catching breath).

Vanquished Creatures
  Joseph (D:8)
  2 komodo dragons (D:8)
  A basilisk (D:8)
  An ice beast (D:5)
  2 sky beasts
  3 necrophages (D:7)
  4 ogres
  3 phantoms
  A centaur (D:8)
  2 big kobolds
  3 bullfrogs
  2 scorpions (D:7)
  4 killer bees (D:8)
  2 howler monkeys
  4 hounds
  3 orc priests
  A gnoll shaman (D:5)
  A jelly (D:8)
  3 orc wizards
  2 iguanas
  4 worker ants
  2 worker ant zombies
  7 gnolls
  8 adders
  A shadow imp (D:5)
  2 white imps (D:5)
  An ufetubus (D:8)
  An ooze (D:3)
  2 adder skeletons
  An adder zombie (D:5)
  2 worms
  2 dart slugs
  7 leopard geckos
  17 orcs
  5 giant cockroaches
  4 goblins
  8 hobgoblins
  A jackal (D:7)
  6 kobolds
  7 quokkas
  A ball python (D:3)
  9 bats
  3 frilled lizards (D:3)
  A jackal skeleton (D:4)
  A quokka zombie (D:5)
  26 rats
174 creatures vanquished.

Vanquished Creatures (others)
  An orc wizard (D:4)
  A plant (D:7)
2 creatures vanquished.

Grand Total: 176 creatures vanquished

Notes
Turn   | Place    | Note
-------+----------+-------------------------------------------
     0 | D:1      | om the Minotaur Monk began the quest for the Orb.
     0 | D:1      | Reached XP level 1. HP: 19/19 MP: 0/0
   234 | D:1      | Reached skill level 1 in Armour
   268 | D:1      | Reached XP level 2. HP: 25/27 MP: 1/1
   587 | D:1      | Reached skill level 4 in Axes
  1220 | D:2      | Reached XP level 3. HP: 32/33 MP: 2/2
  1681 | D:3      | Found a faded altar of an unknown god.
  2055 | D:3      | Reached XP level 4. HP: 37/40 MP: 3/3
  3049 | D:3      | Reached XP level 5. HP: 42/46 MP: 4/4
  3050 | D:3      | Reached skill level 5 in Axes
  3789 | D:4      | Found a staircase to the Ecumenical Temple.
  3826 | Temple   | Entered the Ecumenical Temple
  4266 | D:4      | Reached XP level 6. HP: 49/53 MP: 5/5
  4348 | D:4      | Reached skill level 6 in Axes
  4458 | D:4      | Reached skill level 5 in Fighting
  4458 | D:4      | Reached XP level 7. HP: 29/61 MP: 6/6
  4677 | D:4      | Reached skill level 5 in Armour
  5273 | D:5      | Entered Level 5 of the Dungeon
  5677 | D:5      | Reached skill level 7 in Axes
  6137 | D:5      | Reached skill level 5 in Dodging
  6145 | D:5      | Found a shimmering altar of Xom.
  6477 | D:6      | Found a stormy altar of Qazlal.
  6559 | D:6      | Found Azo Dog's Book Emporium.
  6686 | D:6      | Reached XP level 8. HP: 70/70 MP: 7/7
  7429 | D:7      | Noticed a +0 hand axe
  7429 | D:7      | Noticed a +0 hand axe
  7430 | D:7      | Found a hide-covered altar of Uskayaw.
  7625 | D:7      | Reached skill level 8 in Axes
  7724 | D:7      | Found Luidwes's Magic Scroll Shoppe.
  7724 | D:7      | Found Vayc's Gadget Shoppe.
  7738 | D:7      | Found Feken's Book Emporium.
  7894 | D:7      | Found Yrubredy's Armour Boutique.
  8073 | D:7      | Reached skill level 9 in Axes
  8303 | D:8      | Reached XP level 9. HP: 70/77 MP: 8/8
  8416 | D:8      | Found an opulent altar of Gozag.
  8416 | D:8      | Found an ancient bone altar of Kikubaaqudgha.
  8439 | D:8      | Became a worshipper of Gozag Ym Sagoz the Greedy
  8448 | D:8      | Noticed a komodo dragon
  8464 | D:8      | Killed a komodo dragon
  8476 | D:8      | Reached skill level 10 in Axes
  8720 | D:8      | Noticed Joseph
  8733 | D:8      | Killed Joseph
  8733 | D:8      | Reached skill level 11 in Axes
  8811 | D:8      | Noticed Prince Ribbit
  8952 | D:8      | Noticed a komodo dragon
  8976 | D:8      | Killed a komodo dragon
  9220 | D:8      | Noticed a komodo dragon
  9242 | D:8      | Slain by a komodo dragon

Illustrated notes

Levels and vault maps discovered:
D:1:      eino_arrival_cavern_b, layout_basic
D:2:      layout_loops_ring
D:3:      layout_loops_ring, chequers_ecumenical_altar_simple_redux
D:4:      layout_loops_ring, minmay_temple_entry_enclosed_plants,
          minmay_rat_hole
D:5:      layout_loops_ring, tgw_xom
D:6:      layout_layer_cave, serial_shops, shop, grunt_qazlal_clouds
D:7:      minmay_s_stair_smasher, layout_cave_pools, dancing_weapons_uskayaw,
          serial_shops, shop_statue, nicolae_shop_crystal,
          nicolae_shop_window_shopping, shop, serial_bayou,
          serial_bayou_shore_b, serial_bayou_pond_c
D:8:      minmay_bloctagon_deflated, layout_loops_ring,
          gammafunk_temple_overflow_wave, erik_lair_dragon, uniq_joseph,
          uniq_prince_ribbit1
Temple:   dpeg_five_rooms_temple

Skill      XL: |  1  2  3  4  5  6  7  8  9 |
---------------+----------------------------+-----
Armour         | 1 2 3 4 6 7 |  7.0
Axes           | 4 5 6 7 9 11 | 11.7
Fighting       | 4 5 6 8 |  8.8
Stealth        | 2 |  2.0
Dodging        | 4 5 6 7 |  7.0

Action                   |  1- 3 |  4- 6 |  7- 9 || total
-------------------------+-------+-------+-------++-------
Melee: Hand axe          |    59 |   127 |   199 ||   385
       Headbutt          |     5 |    16 |    64 ||    85
       Unarmed           |       |    12 |       ||    12
       War axe           |       |       |   198 ||   198
  Use: Scroll            |     5 |     1 |     3 ||     9
       Potion            |     1 |       |     1 ||     2
 Stab: Sleeping          |     8 |     1 |       ||     9
       Confused          |       |       |     1 ||     1
Armor: Robe              |     6 |    11 |       ||    17
       Plate armour      |       |    59 |   212 ||   271
       Skin              |       |     8 |       ||     8
Dodge: Dodged            |    42 |   110 |   144 ||   296

Table legend: (Time is in decaauts)
 A = Elapsed time spent in this place.
 B = Non-inter-level travel time spent in this place.
 C = Inter-level travel time spent in this place.
 D = Time resting spent in this place.
 E = Time spent auto-exploring this place.
 F = Levels seen in this place.
 G = Mean time per level.
                   A        B        C        D        E       F      G
               +--------+--------+--------+--------+--------+-----+--------+
         Total |   9260 |   8660 |    600 |   2253 |   5080 |   9 | 1028.9 |
       Dungeon |   8913 |   8466 |    447 |   2253 |   4892 |   8 | 1114.1 |
        Temple |    347 |    195 |    152 |      0 |    188 |   1 |  347.0 |
               +--------+--------+--------+--------+--------+-----+--------+

Top non-repeatable levels by time:
     D:3: 1413 daAuts
     D:4: 1381 daAuts
     D:2: 1354 daAuts
     D:5: 1115 daAuts
     D:8: 955 daAuts
     D:6: 953 daAuts
     D:7: 946 daAuts
     D:1: 793 daAuts
  Temple: 347 daAuts
